Cogmind - Beta 14 @@@ ROGUE MODE // 2024.12.04 @ 22:30:06 Player: Hoodles Result: Destroyed by G-47 Trooper with Particle Gun Performance ------------- Evolutions (2) 1000 Regions Visited (5) 1000 Robots Destroyed (9) 45 Value Destroyed (288) 288 Prototype IDs (0) 0 Alien Tech Used (0) 0 Bonus (300) 300 TOTAL SCORE: 2633 Bonus ------- Aligned with FarCom 300 Cogmind --------- Core Integrity 0/550 Matter 226/300 Energy 100/100 System Corruption 3% Temperature Cool (9) Movement Core (50) Location -8/Materials Parts ------- > --- POWER (2) -------- (None) > --- PROPULSION (3) --- (None) > --- UTILITY (3) ------ (None) > --- WEAPON (3) ------- (None) > --- INVENTORY (5) ---- Cesium-ion Thruster Scythe Peak State ------------ > --- POWER ------------ Improved Ion Engine Improved Ion Engine > --- PROPULSION ------- Wheel Wheel > --- UTILITY ---------- Medium Storage Unit Advanced Weight Redist. System Salvage Targeting Computer > --- WEAPON ----------- Beamcaster Particle Cannon Light Assault Rifle > --- INVENTORY -------- Aluminum Leg Aluminum Leg Reaction Control System Small Laser Light Assault Rifle Assault Cannon Grenade Launcher [Rating: 21] Favorites ----------- Power Light Nuclear Core Engine Improved Ion Engine Power Core Light Nuclear Core Propulsion Wheel Leg Aluminum Leg Wheel Wheel Utility Medium Storage Unit Device Advanced Weight Redist. System Storage Medium Storage Unit Processor Salvage Targeting Computer Protection Medium Armor Plating Weapon Light Assault Rifle Energy Gun Beamcaster Energy Cannon Particle Cannon Ballistic Gun Light Assault Rifle Ballistic Cannon Assault Cannon Launcher Grenade Launcher Build | -11 -10 -10 -10 -9 -8 ------- Run | Yrd Mat Min Exi Min Mat Slots Evolved 4 | . . . . . 4 Power 1 | . . . . . 1 Propulsion 1 | . . . . . 1 Utility 1 | . . . . . 1 Weapon 1 | . . . . . 1 Parts Attached 30 | 6 6 1 . 2 15 Power 6 | 1 2 . . . 3 Engine 5 | 1 1 . . . 3 Core 1 | . 1 . . . . Reactor . | . . . . . . Propulsion 4 | 2 . . . . 2 Treads . | . . . . . . Leg 2 | . . . . . 2 Wheel 2 | 2 . . . . . Hover . | . . . . . . Flight . | . . . . . . Utility 8 | . 3 . . . 5 Device 4 | . . . . . 4 Storage 2 | . 2 . . . . Processor 1 | . . . . . 1 Hackware . | . . . . . . Protection 1 | . 1 . . . . Artifact . | . . . . . . Weapon 12 | 3 1 1 . 2 5 Energy Gun 3 | 1 . . . 1 1 Energy Cannon 1 | . . . . 1 . Ballistic Gun 5 | 2 . 1 . . 2 Ballistic Cannon 1 | . . . . . 1 Launcher 2 | . 1 . . . 1 Special Weapon . | . . . . . . Impact Weapon . | . . . . . . Slashing Weapon . | . . . . . . Piercing Weapon . | . . . . . . Special Melee Weapon . | . . . . . . Unidentified Prototypes . | . . . . . . Parts Lost 19 | . 1 . . . 18 Power 3 | . 1 . . . 2 Propulsion 4 | . . . . . 4 Utility 6 | . . . . . 6 Weapon 6 | . . . . . 6 Highest Loss Streak 12 | . 1 . . . 12 To Critical Strikes . | . . . . . . Average Slot Usage (%) 90 | . 88 100 100 100 66 Engine 4 | . 7 . . . 12 Core 9 | . 3 14 14 14 . Leg 1 | . . . . . 5 Wheel 23 | . 28 28 28 28 9 Device 2 | . . . . . 7 Storage 12 | . 17 14 14 14 7 Processor 1 | . . . . . 3 Protection 9 | . 2 14 14 14 . Energy Gun 2 | . . . . 8 5 Energy Cannon 1 | . . . . 4 4 Ballistic Gun 20 | . 19 26 28 14 7 Launcher 1 | . 8 1 . . . Peak Build Rating 21 | 5 11 11 11 16 21 Average Rating 11 | 3 7 11 11 13 14 On Entrance 9 | . 5 11 11 11 16 Naked Turns 25 | . . . . . 25 Heaviest Build 41 | 5 26 26 24 31 41 Greatest Support 29 | 20 20 20 20 20 29 Greatest Overweight (x) 5 | . 1 1 1 1 5 Average Overweight (x) . | . . 1 1 1 . Largest Inventory Capacity 10 | 5 10 10 10 10 10 Average Capacity 9 | 5 7 10 10 10 8 Most Carried 10 | 5 8 9 9 10 10 Average Carried 6 | 1 4 7 8 9 4 Final Capacity 10 | 5 10 10 10 10 5 Final Carried 10 | 5 7 8 8 10 2 Class Distribution -------------------- 84% | Mutant 15% | Skirmisher Dominant Class ---------------- Mutant | -10/Materials Mutant | -10/Mines Mutant | -10/Exiles Mutant | -9/Mines Skirmisher | -8/Materials Resources | -11 -10 -10 -10 -9 -8 ----------- Run | Yrd Mat Min Exi Min Mat Matter Collected 527 | 260 50 . . 77 140 Remotely . | . . . . . . Salvage Created 287 | 42 . 11 . 20 214 Parts 13 | 2 . 5 . . 6 Haulers Intercepted . | . . . . . . Recyclers Shooed . | . . . . . . Parts Field Recycled . | . . . . . . Retrieved Matter . | . . . . . . Parts Self-Destructed . | . . . . . . Prevented . | . . . . . . Kills | -11 -10 -10 -10 -9 -8 ------- Run | Yrd Mat Min Exi Min Mat Combat Hostiles Destroyed 12 | 1 . 3 . 3 5 Guns 5 | 1 . . . 3 1 Cannons 2 | . . . . . 2 AOE 5 | . . 3 . . 2 Classes Destroyed 4 | 1 . 1 . 1 1 Swarmer 3 | . . 3 . . . Grunt 5 | 1 . . . . 4 Brawler 1 | . . . . . 1 Assembled 3 | . . . . 3 . Best Kill Streak 3 | 1 . 3 . 3 2 Combat Bots Only 3 | 1 . 3 . 3 2 Max Kills in Single Turn 2 | 1 . 2 . 1 1 Gunslinging . | . . . . . . Exploded 2 | . . 2 . . 1 Melee . | . . . . . . Uniques/NPCs Destroyed . | . . . . . . Combat | -11 -10 -10 -10 -9 -8 -------- Run | Yrd Mat Min Exi Min Mat Hostile Shots Fired 186 | 5 20 11 . 9 141 Missed 57 | 1 9 2 . 1 44 Damage Taken 2156 | 45 146 87 . 164 1714 Core 671 | 11 18 16 . 64 562 Absorbed by Shields . | . . . . . . Core Remaining (%) 75 | 95 . . . 56 . Volleys Fired 33 | 4 4 2 . 4 19 Largest 3 | 2 2 2 . 2 3 Hottest 163 | 40 40 50 . 95 163 Shots Fired 70 | 8 8 4 . 8 42 Gun 54 | 8 8 2 . 8 28 Cannon 12 | . . . . . 12 Launcher 4 | . . 2 . . 2 Special . | . . . . . . Kinetic 38 | 8 8 2 . 4 16 Thermal 28 | . . . . 4 24 Explosive 4 | . . 2 . . 2 Electromagnetic . | . . . . . . Robot Hit Streak 8 | 2 3 3 . 6 8 Robot Miss Streak 3 | 2 2 1 . 1 3 Penetration Max . | . . . . . . Secondary Targets 1 | . . . . 1 . Max Gunslinging Chain 1 | . . . . 1 . Shots Hit Robots 40 | 4 5 3 . 5 23 Core Hits 23 | 2 . 2 . 4 15 Critical Kills . | . . . . . . Critical Parts Destroyed 1 | 1 . . . . . Critical Strikes 1 | 1 . . . . . Destroy 1 | 1 . . . . . Melee Attacks . | . . . . . . Impact . | . . . . . . Slashing . | . . . . . . Piercing . | . . . . . . Sneak Attacks . | . . . . . . Combat Hostiles . | . . . . . . Follow-up Attacks . | . . . . . . Damage Inflicted 857 | 34 28 170 . 79 546 Guns 329 | 34 28 10 . 79 178 Cannons 143 | . . . . . 143 Explosions 371 | . . 160 . . 211 Melee . | . . . . . . Ramming 14 | . . . . . 14 Kinetic 159 | 34 28 10 . 15 72 Thermal 313 | . . . . 64 249 Explosive 371 | . . 160 . . 211 Electromagnetic . | . . . . . . Impact . | . . . . . . Slashing . | . . . . . . Piercing . | . . . . . . Highest Corruption 3 | . . . . . 3 Average Corruption 2 | . . . . . 2 Corruption Purged . | . . . . . . Corruption Blocked . | . . . . . . Effects 10 | . . . . . 10 Message Errors 1 | . . . . . 1 Matter Fused 3 | . . . . . 3 Heat Flow Errors 1 | . . . . . 1 Energy Discharges 1 | . . . . . 1 Data Loss (minor) 4 | . . . . . 4 Overload Shots . | . . . . . . Overflow Damage 32 | . . 10 . . 22 Projectiles . | . . . . . . Explosions 32 | . . 10 . . 22 Melee . | . . . . . . Knockbacks . | . . . . . . Impact . | . . . . . . Kinetic . | . . . . . . Secondary . | . . . . . . Self-Inflicted Damage 75 | . . 14 . . 61 Shots 3 | . . 1 . . 2 Rammed . | . . . . . . Targets Rammed 5 | . . . . . 5 Kicked 5 | . . . . . 5 Crushed . | . . . . . . Highest Temperature 790 | 12 15 25 . 113 790 Average Temperature 241 | 9 10 14 . 59 325 Received Heat Transfer 1008 | 24 84 . . . 900 Effects 23 | . . . . . 23 Shutdowns 4 | . . . . . 4 Energy Bleed 3 | . . . . . 3 Interference 1 | . . . . . 1 Matter Decay 3 | . . . . . 3 Short Circuit 2 | . . . . . 2 Damage (minor) 5 | . . . . . 5 Damage (major) 4 | . . . . . 4 Damage (core) 1 | . . . . . 1 Siege Activations . | . . . . . . Robots Corrupted . | . . . . . . Combat Hostiles . | . . . . . . Parts Fried . | . . . . . . Impact Corruptions . | . . . . . . Robots Melted . | . . . . . . Combat Hostiles . | . . . . . . Parts Melted . | . . . . . . Heat Transferred 568 | . . . . 111 457 Parts Sabotaged . | . . . . . . Parts Stolen . | . . . . . . Parts Stripped . | . . . . . . Power Chain Reactions . | . . . . . . Alert | -11 -10 -10 -10 -9 -8 ------- Run | Yrd Mat Min Exi Min Mat Peak Influence 127 | 20 33 105 . . 127 Initial 13 | . 13 12 . . . Average 38 | 2 22 94 . . 34 Maximum Alert Level . | . . . . . . Low Security (%) 100 | 100 100 100 . 100 100 Level 1 . | . . . . . . Level 2 . | . . . . . . Level 3 . | . . . . . . Level 4 . | . . . . . . Level 5 . | . . . . . . High Security . | . . . . . . Max Security . | . . . . . . Squads Dispatched 4 | . 1 1 . . 2 Investigation . | . . . . . . Extermination . | . . . . . . Reinforcement 3 | . 1 . . . 2 Assault 1 | . . 1 . . . Garrison . | . . . . . . Intercept . | . . . . . . Searches Triggered . | . . . . . . Construction Impeded . | . . . . . . Haulers Reinforced . | . . . . . . Active Scanning Responses . | . . . . . . Cargo Convoy Interrupts . | . . . . . . Stealth | -11 -10 -10 -10 -9 -8 --------- Run | Yrd Mat Min Exi Min Mat Distress Signals 6 | . 3 . . . 3 Communications Jammed . | . . . . . . Distress Signals . | . . . . . . Times Spotted 32 | 1 4 3 . 4 20 Peak Tracking Total 9 | 1 4 3 . 3 9 Tactical Retreats 3 | . 1 . . . 2 Traps | -11 -10 -10 -10 -9 -8 ------- Run | Yrd Mat Min Exi Min Mat Traps Triggered 1 | . . . . . 1 Indirectly . | . . . . . . Trap Hack Attempts . | . . . . . . Triggered . | . . . . . . Disarmed . | . . . . . . Reprogrammed . | . . . . . . Reused . | . . . . . . Traps Extracted . | . . . . . . Installed . | . . . . . . Triggered 1 | . . 1 . . . Machines | -11 -10 -10 -10 -9 -8 ---------- Run | Yrd Mat Min Exi Min Mat Machines Disabled . | . . . . . . Max in Single Turn . | . . . . . . Machines Repaired . | . . . . . . Machines Dismantled . | . . . . . . Machines Sabotaged . | . . . . . . Overloaded Fab Kills . | . . . . . . Hacking | -11 -10 -10 -10 -9 -8 --------- Run | Yrd Mat Min Exi Min Mat Machines Accessed . | . . . . . . Terminals . | . . . . . . Fabricators . | . . . . . . Repair Stations . | . . . . . . Recycling Units . | . . . . . . Scanalyzers . | . . . . . . Garrison Access . | . . . . . . Total Hacks . | . . . . . . Successful . | . . . . . . Failed . | . . . . . . Catastrophic . | . . . . . . Database Lockouts . | . . . . . . Manual . | . . . . . . Terminals . | . . . . . . Fabricators . | . . . . . . Repair Stations . | . . . . . . Recycling Units . | . . . . . . Scanalyzers . | . . . . . . Garrison Access . | . . . . . . Terminal Hacks . | . . . . . . Fabricator Hacks . | . . . . . . Repair Station Hacks . | . . . . . . Recycling Unit Hacks . | . . . . . . Scanalyzer . | . . . . . . Garrison Access Hacks . | . . . . . . Unauthorized Hacks . | . . . . . . Terminals . | . . . . . . Fabricators . | . . . . . . Repair Stations . | . . . . . . Recycling Units . | . . . . . . Scanalyzers . | . . . . . . Garrison Access . | . . . . . . Data Cores Recovered . | . . . . . . Used . | . . . . . . Hacking Detections . | . . . . . . Full Trace Events . | . . . . . . Feedback Events . | . . . . . . Feedback Blocked . | . . . . . . Robot Schematics Acquired . | . . . . . . Robots Built . | . . . . . . Authchips . | . . . . . . Time . | . . . . . . Total Robot Build Rating . | . . . . . . Part Schematics Acquired . | . . . . . . Parts Built . | . . . . . . Authchips . | . . . . . . Time . | . . . . . . Total Part Build Rating . | . . . . . . Parts Repaired . | . . . . . . Time . | . . . . . . Parts Recycled . | . . . . . . Recycled Matter . | . . . . . . Retrieved Matter . | . . . . . . Retrieved Components . | . . . . . . Parts Scanalyzed . | . . . . . . Part Schematics Acquired . | . . . . . . Parts Damaged . | . . . . . . Bothacking | -11 -10 -10 -10 -9 -8 ------------ Run | Yrd Mat Min Exi Min Mat Used RIF Installer . | . . . . . . Robots Hacked . | . . . . . . Non-combat . | . . . . . . Combat . | . . . . . . Robot Hacks Applied . | . . . . . . Relay Couplers Released . | . . . . . . Fabnet Peak Effective % . | . . . . . . Robots Rewired . | . . . . . . Allies Hacked . | . . . . . . Hacks Repelled . | . . . . . . Allies | -11 -10 -10 -10 -9 -8 -------- Run | Yrd Mat Min Exi Min Mat Total Allies 1 | . . 1 . . . Largest Group 1 | . . 1 1 1 . Highest-Rated Group 31 | . . 31 31 31 . Highest-Rated Ally 31 | . . 31 31 31 . Total Orders . | . . . . . . Ally Attacks 3 | . . . . 3 . Total Damage 42 | . . . . 42 . Kills 2 | . . . . 2 . Allies Corrupted . | . . . . . . Allies Melted . | . . . . . . Intel | -11 -10 -10 -10 -9 -8 ------- Run | Yrd Mat Min Exi Min Mat Robot Analysis Total . | . . . . . . Derelict Logs Recovered . | . . . . . . Drone Launches . | . . . . . . Drone Recoveries . | . . . . . . Exploration | -11 -10 -10 -10 -9 -8 ------------- Run | Yrd Mat Min Exi Min Mat Turns Passed 2037 | 87 177 254 844 152 523 Spaces Moved 1840 | 87 136 258 886 138 335 Core 123 | 25 . . . . 98 Treads . | . . . . . . Legs 50 | . . . . . 50 Wheels 1667 | 62 136 258 886 138 187 Hover . | . . . . . . Flight . | . . . . . . Fastest Speed 50 | 50 80 95 95 95 50 Average Speed 94 | 71 87 95 95 95 103 Slowest Speed 300 | 80 95 95 95 95 300 Overloaded Moves . | . . . . . . Propulsion Burnouts . | . . . . . . Robots Hopped . | . . . . . . Cave-ins Triggered . | . . . . . . Exploration Rate (%) 33 | 5 12 44 92 20 26 Regions Visited 5 Branch Regions 3 Pre-discovered Areas . | . . . . . . Known Exits Taken . | . . . . . . Unknown Exits Taken 5 | 1 1 1 1 1 . Scrap Searched 1 | . . . . 1 . Spaces Dug . | . . . . . . Terrain Destroyed 33 | . . 17 . 1 15 Melee . | . . . . . . Projectile 1 | . . . . 1 . AOE 32 | . . 17 . . 15 Terrain Rammed . | . . . . . . Walls Destroyed . | . . . . . . Machines Disabled . | . . . . . . Actions | -11 -10 -10 -10 -9 -8 --------- Run | Yrd Mat Min Exi Min Mat Total 2072 | 102 189 263 888 151 479 Wait 115 | . 24 . . 4 87 Move 1835 | 86 135 257 885 137 335 Hop . | . . . . . . Pick Up 33 | 6 12 2 1 3 9 Fast Attach 4 | 4 . . . . . Attach 20 | 1 4 . . . 15 Detach 4 | . 1 . . . 3 Swap 6 | 1 2 1 . 2 . Drop 16 | . 7 1 1 1 6 Fire 33 | 4 4 2 . 4 19 Melee . | . . . . . . Ram . | . . . . . . Kick 5 | . . . . . 5 Crush . | . . . . . . Escape Stasis . | . . . . . . Rewire 1 | . . . 1 . . Trap . | . . . . . . Miscellaneous . | . . . . . . Route ------- -11/Scrapyard -10/Materials -10/Mines -10/Exiles (discovered 2 exits: [*Min x2]) -9/Mines -8/Materials History --------- Turn | Location | Event 2 | -11/Scrapyard | Met Revision 17 64 | -11/Scrapyard | Discovered new exit (range 8) 88 | -11/Scrapyard | Entered Materials 94 | -10/Materials | Discovered new exit (range 15) 265 | -10/Materials | Entered Mines 266 | -10/Mines | Met a Derelict bent on vengeance 314 | -10/Mines | Build established: Mutant 398 | -10/Mines | Met a Derelict testing a Signal Generator 513 | -10/Mines | Deemed a non-threat by the Exiles lab entrance 514 | -10/Mines | Discovered new exit (range 5) 519 | -10/Mines | Entered Exiles 519 | -10/Exiles | Accompanied by 1 ally 551 | -10/Exiles | Met 8R-AWN 571 | -10/Exiles | Met EX-HEX 613 | -10/Exiles | Met EX-DEC 671 | -10/Exiles | Discovered new exit (range 12) 759 | -10/Exiles | Visited The Gauntlet 950 | -10/Exiles | Met EX-BIN 966 | -10/Exiles | Aligned with FarCom system 967 | -10/Exiles | Given EX-Vault access code 1342 | -10/Exiles | Discovered new exit (range 15) 1363 | -10/Exiles | Entered Mines 1363 | -9/Mines | Accompanied by 1 ally 1388 | -9/Mines | Assembled infested the area 1416 | -9/Mines | Discovered new exit (range 15) 1515 | -9/Mines | Entered Materials 1515 | -8/Materials | Evolved 4 slots: Power x1, Propulsion x1, Utility x1, Weapon x1 1788 | -8/Materials | Lost 4 parts (1n2u1w) 1888 | -8/Materials | Core integrity fell below 50% 1951 | -8/Materials | Core integrity fell below 20% 1980 | -8/Materials | Lost 12 parts (2p3n3u4w) 2038 | -8/Materials | Destroyed by G-47 Trooper with Particle Gun Last Messages --------------- Processing Tank disabled. K-01 Serf collects debris. K-01 Serf cleans the Matter Pump. Sml. Laser destroyed. System corrupted: Component data lost. K-01 Serf cleans the Matter Pump. K-01 Serf cleans the Terminal. Want a larger map view with more modal windows? Or have a large enough display to fit a bigger map in exchange for smaller text? Consider selecting a different UI Layout in the option menu. O-16 Technician: "IFF HANDSHAKE FAILED. SECURING TERMINAL." System corrupted: Component data lost. ALERT: Hostiles spotted, dispatching reinforcements to Terminal M010. Acquired Cesium-ion Thruster. Thermal Generator destroyed. Acquired Scythe. Map ----- +----------------------------------------------------+ | ??????????????????????????????? | | ??????????????????????????????? | | ??????????????????????????????? | | ??????????????????????????????? | | ??????????????????????????????? | | ??????????????????????????????? | | ??????????????????????????????? | | ??????????????????????????????? | | #####?????????????????????????? | | #?????????????????????????? | | """ #?????????????????????????? | | "T" #?????????????????????????? | | #?????????????????????????? | | #####?????????????????????????? | | ??????????????????????????????? | | ??????????????????????????????? | | ??????????????????????????????? | | ?????????????????#####????????? | | ?????????????????# #????????? | | ??????????######## #????????? | | ########### # #????????? | | + "" + #????????? | | ######## "T #Y ########## | | # # "" # # !/ # | | + # # # !/ # | | # " "" # # # @/ =# | | # "R"" ######## # # | | # """" #??????# # # | | ########??????# gg """"" # | | #?????????????# # """"" # | | ?????????? g #= """"" # | | #####????????##### # # | | ?????????????????# ########## | | ?????????????????# #????????? | | ?????????????????# #????????? | | ?????????????????# #????????? | | ????????????????? #????????? | | ????????????????? +????????? | | ????????????????? #????????? | | ????????????????## #????????? | | ?????????????????# ?????????? | | ?????????????????# ?????????? | | ?????????????????? ?????????? | | ??????????????????????????????? | | ??????????????????????????????? | | ??????????????????????????????? | | ??????????????????????????????? | | ??????????????????????????????? | | ??????????????????????????????? | | ??????????????????????????????? | +----------------------------------------------------+ Best States ------------- Heat Dissipation 45 Energy Generation 21 Energy Capacity 440 Matter Stores 300 Matter Capacity 400 Sight Range 16 Terrain Scan Density 10 Additional Mass Support 9 Armor Coverage 225 Evasion (%) 55 Salvage Targeting 1 Item Schematics ----------------- None Robot Schematics ------------------ None Fabricated ------------ Nothing Alien Tech Used ----------------- None Achievements -------------- I Survived The Infestation Tourist Challenges ------------ None Game ------ Seed HeavyZhirovPrototype Manual? 0 Play Time 00:54:52 Cumulative 1.3 hours Start 2024.12.04 @ 19:39:21 End 2024.12.04 @ 22:30:06 Sessions 1 Manual Loads 0 Difficulty Rogue Special Mode None Game No. 2 Rogue 2 Adventurer 0 Explorer 0 Win Type - Total 0 Types 0/0/0/0/0/0/0/0/0 Lore% 1 Gallery% 3 Achievement% 2 Wizard Run 0 Options --------- Layout 1 ASCII 0 Keyboard 1 Movement Arrows Keybinds 0 Fullscreen 1 Font 28/SmallcapsGlow Map View 50x43 Zoom Use 0% Tactical HUD 0 Map Filters NONE Filters NONE Steam 1 RUN: dbb2c786-fc80-49ed-ac5e-1529f41a160d